 Dungeon Crawl Stone Soup version 0.19.5 (webtiles) character file.

352 BugsBunnySan the Fighter (level 6, 34/34 HPs)
             Began as a Felid Berserker on Mar 25, 2017.
             Was a Priest of Trog.
             Quit the game on level 4 of the Dungeon.
             The game lasted 00:06:19 (5723 turns).

BugsBunnySan the Fighter (Felid Berserker)          Turns: 5723, Time: 00:06:19

Health: 34/34      AC:  2    Str: 13    XL:     6   Next: 35%
Magic:  7/7        EV: 19    Int:  9    God:    Trog [***...]
Gold:   129        SH:  0    Dex: 17    Spells: 0 memorised, 5 levels left
                                        Lives:  1   Deaths: 1

rFire  . . .     SeeInvis +       - Unarmed
rCold  . . .     Gourm    .     (armour unavailable)
rNeg   . . .     Faith    .     (shield unavailable)
rPois  .         Spirit   .     (helmet unavailable)
rElec  .         Reflect  .     (cloak unavailable)
rCorr  .         Harm     .     (gloves unavailable)
MR     .....                    (boots unavailable)
Stlth  ++........               (no amulet)
                                (no ring)
                                (no ring)

@: quick
A: no armour, no weapons or thrown items, stealth, claws 1, fangs 3, see
invisible, carnivore 3, speed 1, shaggy fur 2, slow metabolism 1, sharp paws
a: Berserk, Trog's Hand, Burn Spellbooks, Renounce Religion


You were on level 4 of the Dungeon.
You worshipped Trog.
Trog was most pleased with you.
You were not hungry.

You visited 1 branch of the dungeon, and saw 4 of its levels.

You collected 129 gold pieces.

Inventory:

Jewellery
 c - an uncursed amulet of the gourmand {unknown}
 p - an uncursed amulet of faith {unknown}
 s - an uncursed ring of protection from magic {unknown}
Scrolls
 e - a scroll of magic mapping {unknown}
 g - a scroll of enchant weapon {unknown}
 h - 2 scrolls of identify {unknown}
 i - 3 scrolls of remove curse {unknown}
 j - a scroll of recharging {unknown}
 o - 2 scrolls of random uselessness {unknown}
 q - 2 scrolls of noise {unknown}
Potions
 d - a potion of brilliance {unknown}
 f - a potion of berserk rage {unknown}
 l - a potion of resistance {unknown}
 m - a potion of lignification {unknown}
 n - a potion of degeneration {unknown}
 r - 2 potions of mutation {unknown}
 t - a potion of might {unknown}
 u - a potion of haste {unknown}
Comestibles
 a - a meat ration
 b - 2 beef jerkies
 k - a slice of pizza
 v - 8 chunks of flesh


   Skills:
 * Level 8.7 Fighting
 - Level 4.0 Dodging
 - Level 3.0 Unarmed Combat


You had 5 spell levels left.
You didn't know any spells.

Dungeon Overview and Level Annotations

Branches:
Dungeon (4/15)
 Temple: D:4-7

Altars:
Nemelex Xobeh


Innate Abilities, Weirdness & Mutations

You cannot wear armour.
You are incapable of wielding weapons or throwing items.
Your paws allow you to move quietly. (Stealth)
You have sharp claws.
You have razor-sharp teeth.
You have supernaturally acute eyesight. (SInv)
You are carnivorous and can eat meat at any time.
You cover ground quickly.
You are covered in thick fur. (AC +2)
You have a slow metabolism.
Your sharp claws are effective at attacking unaware monsters.


Message History

The gnoll hits you with a flail!
Things that are here:
a flail; a gnoll corpse You scratch the gnoll but do no damage.
You are no longer berserk.
You pass out from exhaustion.
You feel yourself slow down. The gnoll hits you with a whip.
The gnoll hits you with a whip. The gnoll hits you with a flail.
* * * LOW HITPOINT WARNING * * *
The gnoll barely misses you. The gnoll hits you with a flail!
* * * LOW HITPOINT WARNING * * *
The gnoll hits you with a whip.
* * * LOW HITPOINT WARNING * * *
The gnoll hits you but does no damage. The gnoll hits you with a whip.
You die...
You can move again.
You are now level 6!
You rejoin the land of the living...
Are you sure you want to abandon this character and quit the game? (Confirm with "yes".)

..........# ##.
..........###...
...........#....
..............#
............###
...........#########
..........####.....##
........#####.......#
.........###....@...#
......##.##.<.......#
...... #............#
.....#
#............## #####
#.............#
#.............#
#...........(..#
#.#............#
#..#............#


There were no monsters in sight!

Vanquished Creatures
  The ghost of patcoet the Bolt Thrower, an amateur KoHu (D:3)
  Edmund (D:4)
  2 scorpions (D:4)
  3 orc priests
  A hound (D:4)
  A gnoll (D:4)
  13 adders
  2 oozes
  3 dart slugs
  3 leopard geckos
  8 orcs
  7 bats
  4 giant cockroaches
  9 goblins
  15 hobgoblins
  4 jackals (D:1)
  13 kobolds
  2 quokkas
  5 ball pythons
  5 frilled lizards
  5 rats
107 creatures vanquished.

Notes
Turn   | Place    | Note
-------+----------+-------------------------------------------
     0 | D:1      | BugsBunnySan the Felid Berserker began the quest for the Orb.
     0 | D:1      | Reached XP level 1. HP: 10/10 MP: 2/2
   663 | D:1      | Reached XP level 2. HP: 14/14 MP: 3/3
   861 | D:1      | Reached skill level 4 in Fighting
  1364 | D:1      | Reached XP level 3. HP: 18/18 MP: 4/4
  1648 | D:1      | Reached ** piety under Trog
  2105 | D:2      | Reached skill level 5 in Fighting
  2105 | D:2      | Reached XP level 4. HP: 15/23 MP: 5/5
  3453 | D:2      | Reached XP level 5. HP: 27/27 MP: 6/6
  3490 | D:2      | Reached skill level 6 in Fighting
  3873 | D:3      | Reached *** piety under Trog
  4744 | D:3      | Noticed patcoet's ghost (amateur KoHu)
  4753 | D:3      | Killed patcoet's ghost
  4753 | D:3      | Reached skill level 7 in Fighting
  4753 | D:3      | Gained mutation: You are covered in thick fur. (AC +2) [Felid growth]
  4753 | D:3      | Reached XP level 6. HP: 33/33 MP: 7/7
  5261 | D:4      | Found a sparkling altar of Nemelex Xobeh.
  5568 | D:4      | Reached skill level 8 in Fighting
  5626 | D:4      | Reached XP level 7. HP: 37/37 MP: 8/8
  5703 | D:4      | Noticed Edmund
  5713 | D:4      | Killed Edmund
  5721 | D:4      | HP: 1/37 [gnoll/whip (1)]
  5722 | D:4      | Slain by a gnoll
  5723 | D:4      | Reached XP level 6. HP: -5/34 MP: 7/7
  5723 | D:4      | Quit the game

Skill      XL: |  1  2  3  4  5  6 |
---------------+-------------------+-----
Fighting       | 4 5 7 8 |  8.7
Dodging        | |  4.0
Unarmed Combat | |  3.0

Action                   |  1- 3 |  4- 6 |  7- 9 || total
-------------------------+-------+-------+-------++-------
Melee: Unarmed           |   113 |   226 |    13 ||   352
       Bite              |     8 |    16 |     4 ||    28
       Punch             |     3 |     4 |       ||     7
Invok: Berserk           |     1 |     6 |     1 ||     8
       Trog's Hand       |       |     3 |       ||     3
 Stab: Sleeping          |     2 |     2 |       ||     4
  Eat: Chunk             |    10 |    12 |     2 ||    24
Armor: Skin              |    13 |    18 |       ||    31
Dodge: Dodged            |   121 |   189 |     4 ||   314
